 Dungeon Crawl Stone Soup version 0.23.1 (webtiles) character file.

Game seed: 0

4276 Fang the Fighter (level 10, -1/65 HPs)
             Began as a Gargoyle Berserker on Mar 5, 2019.
             Was an Elder of Trog.
             Slain by a phantom (4 damage)
             ... on level 7 of the Dungeon.
             The game lasted 00:09:17 (7069 turns).

Fang the Fighter (Gargoyle Berserker)               Turns: 7069, Time: 00:09:17

Health: -1/65      AC: 15    Str: 24    XL:     10   Next: 31%
Magic:  0/10       EV: 13    Int:  8    God:    Trog [****..]
Gold:   332        SH:  0    Dex:  9    Spells: 9/9 levels left

rFire    . . .     SeeInvis +   n - +0 war axe
rCold    . . .     Gourm    .   (no shield)
rNeg     + . .     Faith    .   w - +0 scale mail
rPois    ∞         Spirit   +   (no helmet)
rElec    +         Reflect  .   (no cloak)
rCorr    .         Harm     .   (no gloves)
MR       .....                  (no boots)
Stlth    ..........             h - amulet of guardian spirit
HPRegen  0.20/turn              p - ring of attention (curse)
MPRegen  0.12/turn              x - ring of see invisible

@: berserk cooldown, slowed, very slow
A: negative energy resistance 1, electricity resistance, unbreathing,
petrification resistance, rot immunity, AC +7
a: Berserk, Trog's Hand, Brothers in Arms, Renounce Religion


You were on level 7 of the Dungeon.
You worshipped Trog.
Trog was greatly pleased with you.
You were near starving.

You visited 2 branches of the dungeon, and saw 8 of its levels.

You collected 332 gold pieces.

Inventory:

Hand Weapons
 n - a +0 war axe (weapon)
Armour
 w - a +0 scale mail (worn)
Jewellery
 h - an amulet of guardian spirit (around neck)
 p - a cursed ring of attention (left hand)
 x - a ring of see invisible (right hand)
 y - an uncursed amulet of the gourmand {unknown}
 C - an uncursed ring of fire {unknown}
Wands
 l - a wand of random effects (31)
Scrolls
 b - 2 scrolls of immolation {unknown}
 d - 7 scrolls of identify {unknown}
 e - 7 scrolls of teleportation {unknown}
 f - 2 scrolls of enchant armour {unknown}
 i - 7 scrolls of remove curse {unknown}
 k - 5 scrolls of enchant weapon {unknown}
 m - a scroll of fog {unknown}
 o - 5 scrolls of magic mapping {unknown}
 r - 3 scrolls of fear {unknown}
 A - a scroll of blinking {unknown}
Potions
 a - 2 potions of invisibility {unknown}
 g - 2 potions of berserk rage {unknown}
 j - 2 potions of haste {unknown}
 q - 4 potions of heal wounds {unknown}
 s - a potion of ambrosia {unknown}
 t - a potion of mutation {unknown}
 u - a potion of lignification {unknown}
 v - a potion of curing {unknown}
 z - a potion of cancellation {unknown}
Comestibles
 c - 15 rations


   Skills:
 + Level 8.7 Fighting
 + Level 7.3 Axes
 + Level 8.3 Armour
 + Level 6.3 Dodging


You had 9 spell levels left.
You didn't know any spells.
Your spell library was empty.

Dungeon Overview and Level Annotations

Branches:
Dungeon (7/15)             Temple (1/1) D:6

Altars:
Ashenzari
Hepliaklqana
Nemelex Xobeh
Okawaru
Qazlal
Vehumet
Wu Jian
Xom
Zin

Annotations:
D:7 2 transporters


Innate Abilities, Weirdness & Mutations

You are resistant to torment.
Your stone body is resilient. (AC +7)
You are immune to poison.
You resist negative energy. (rN+)
You are resistant to electric shocks. (rElec)
You can survive without breathing.
You are immune to petrification.
You are immune to rotting.


Message History

The troll shouts!
Items here: ( ) †† a +0 mace; a large rock; a bullfrog corpse; a worker ant corpse You closely miss the phantom.
The phantom is severely damaged.
The phantom closely misses you.
The phantom hits you but does no damage.
You barely miss the phantom.
The phantom is severely damaged.
You hit the troll. The phantom hits you.
* * * LOW HITPOINT WARNING * * *
The phantom blinks!
The troll closely misses you. The troll claws you but does no damage.
The troll claws you.
* * * LOW HITPOINT WARNING * * *
The troll bites you!
* * * LOW HITPOINT WARNING * * *
The troll claws you.
* * * LOW HITPOINT WARNING * * *
The troll claws you but does no damage. The phantom hits you.
You die...

....# #............###)..##.###..
....###.##.........####...###E#..
##.###...####.............#####..
#.. ###.####........####.(#.....
##.#####...........## #......#.
...#.............#### #.....##.
...............###..# #........
.....##.....####T.)}# #........ #
#...[...###..)@W# #.......#
.####...###.(###..# #.).....#
..#...###.....####..# #..###...
....###...##.#..##### #...##..#
..###...# #.#.##.### #.....#.#
#.....# ..#......# #.......#
..###...# ##.#.######.# #...##...
...### ...##.#......... #..###...
..#..####....#.######.###..####..


You could see a troll and a phantom.

Vanquished Creatures
  A two-headed ogre (D:6)
  A cyclops (D:7)
  A gargoyle (D:7)
  2 hippogriffs
  Sigmund (D:2)
  A hornet zombie (D:6)
  A sky beast (D:7)
  3 phantoms
  A necrophage (D:7)
  2 centaurs
  3 ogres (D:7)
  4 bullfrogs (D:7)
  A wyvern skeleton (D:7)
  2 scorpions
  A killer bee (D:7)
  An electric eel (D:6)
  A howler monkey (D:7)
  4 crimson imps
  A bullfrog zombie (D:6)
  3 orc priests
  3 jellies
  4 orc wizards
  Crazy Yiuf (D:2)
  3 hounds
  Ijyb (D:3)
  A worker ant (D:7)
  A hound zombie (D:7)
  A hound skeleton (D:6)
  A worker ant zombie (D:7)
  13 gnolls
  9 adders
  3 shadow imps
  An ooze (D:5)
  3 adder skeletons
  A dart slug (D:2)
  6 leopard geckos
  25 orcs
  A ball python (D:3)
  3 giant cockroaches
  8 goblins
  9 hobgoblins
  3 jackals (D:1)
  3 quokkas
  3 bats
  3 frilled lizards
  10 kobolds
  A quokka skeleton (D:4)
  8 rats
164 creatures vanquished.

Notes
Turn   | Place    | Note
-------+----------+-------------------------------------------
     0 | D:1      | Fang the Gargoyle Berserker began the quest for the Orb.
     0 | D:1      | Reached XP level 1. HP: 14/14 MP: 1/1
    87 | D:1      | Reached XP level 2. HP: 13/19 MP: 2/2
   566 | D:1      | Reached ** piety under Trog
   566 | D:1      | Reached XP level 3. HP: 20/23 MP: 3/3
   895 | D:2      | Noticed Sigmund
   904 | D:2      | Killed Sigmund
   904 | D:2      | Reached XP level 4. HP: 30/30 MP: 4/4
   904 | D:2      | Reached XP level 5. HP: 34/34 MP: 5/5
  1059 | D:2      | Reached XP level 6. HP: 24/39 MP: 3/6
  1539 | D:2      | Found a shattered altar of Ashenzari.
  1613 | D:2      | Found a runed translucent door.
  1614 | D:2      | Noticed Crazy Yiuf
  1865 | D:2      | Killed Crazy Yiuf
  2031 | D:3      | Noticed Ijyb
  2044 | D:3      | Killed Ijyb
  2590 | D:3      | Found a stormy altar of Qazlal.
  2590 | D:3      | Found a radiant altar of Vehumet.
  2590 | D:3      | Found a sparkling altar of Nemelex Xobeh.
  2749 | D:3      | Found a shimmering altar of Xom.
  2750 | D:3      | Found a hazy altar of Hepliaklqana.
  2751 | D:3      | Noticed a spectral ugly thing
  3234 | D:3      | Found an iron altar of Okawaru.
  3562 | D:4      | Reached skill level 5 in Fighting
  3591 | D:4      | Noticed a hippogriff
  3602 | D:4      | Killed a hippogriff
  3602 | D:4      | Reached *** piety under Trog
  3602 | D:4      | Reached XP level 7. HP: 24/44 MP: 5/7
  4253 | D:4      | Reached skill level 5 in Armour
  4442 | D:5      | Entered Level 5 of the Dungeon
  4474 | D:5      | Reached XP level 8. HP: 41/51 MP: 5/8
  4491 | D:5      | Reached skill level 5 in Axes
  4979 | D:5      | Found a hazy altar of Hepliaklqana.
  5176 | D:6      | Reached **** piety under Trog
  5177 | D:6      | Found a staircase to the Ecumenical Temple.
  5222 | Temple   | Entered the Ecumenical Temple
  5649 | D:6      | Noticed a two-headed ogre
  5656 | D:6      | Killed a two-headed ogre
  5656 | D:6      | Reached skill level 5 in Dodging
  5656 | D:6      | Reached XP level 9. HP: 25/57 MP: 2/9
  6176 | D:7      | Found a stormy altar of Qazlal.
  6581 | D:7      | Found a transporter.
  6587 | D:7      | Found a transporter.
  6591 | D:7      | Noticed a manticore
  6593 | D:7      | Found an ornate altar of the Wu Jian Council.
  6737 | D:7      | Reached XP level 10. HP: 45/64 MP: 6/10
  7015 | D:7      | Noticed a cyclops
  7029 | D:7      | Killed a cyclops
  7033 | D:7      | Noticed a gargoyle
  7058 | D:7      | Killed a gargoyle
  7069 | D:7      | HP: 3/65 [troll (3)]
  7069 | D:7      | Slain by a phantom

Skill      XL: |  1  2  3  4  5  6  7  8  9 10 |
---------------+-------------------------------+-----
Axes           | 3 4 6 7 |  7.3
Dodging        | 2 3 5 6 |  6.3
Fighting       | 4 5 7 8 |  8.7
Armour         | 3 4 5 6 7 8 |  8.3

Action                   |  1- 3 |  4- 6 |  7- 9 | 10-12 || total
-------------------------+-------+-------+-------+-------++-------
Melee: Hand axe          |    84 |    62 |       |       ||   146
       War axe           |       |   136 |   338 |    86 ||   560
       Trident           |       |     6 |       |       ||     6
Invok: Berserk           |     1 |     2 |     4 |     1 ||     8
  Eat: Chunk             |       |    12 |    12 |     3 ||    27
Armor: Animal skin       |    29 |    59 |       |       ||    88
       Scale mail        |       |    27 |   178 |    38 ||   243
Dodge: Dodged            |    56 |   175 |   240 |    45 ||   516
